[ PARTIDA AOE2 · #466194553 ]
UnrankedPersas vs Bengalis
[ ANÁLISIS DE REPETICIÓN · EXTRAÍDO DE LA PARTIDA GRABADA ]
Feudal
9:41
Castillos
17:23
Imperial
28:46
| APM promedio | 26.3 |
| APM pico | 80 |
| eAPM promedio | 16.8 |
| Aldeanos / militares | 198 / 343 |
Foco
⚔️ 25.1% · 🌾 74.9%
War Elephant ×342 · Trade Cart ×52 · Monk ×1
Feudal
11:09
Castillos
15:55
Imperial
34:19
| APM promedio | 20.4 |
| APM pico | 53 |
| eAPM promedio | 15.1 |
| Aldeanos / militares | 136 / 249 |
Foco
⚔️ 26.2% · 🌾 73.8%
Battle Elephant ×173 · Spearman ×45 · Trade Cart ×38 · Monk ×16 · Elephant Archer ×15
Feudal
13:24
Castillos
19:39
Imperial
36:12
| APM promedio | 11.6 |
| APM pico | 44 |
| eAPM promedio | 9.9 |
| Aldeanos / militares | 227 / 302 |
Foco
⚔️ 35.5% · 🌾 64.5%
Spearman ×213 · Longbowman ×89 · Trade Cart ×66
Feudal
10:43
Castillos
14:07
Imperial
34:14
| APM promedio | 22.5 |
| APM pico | 66 |
| eAPM promedio | 16.5 |
| Aldeanos / militares | 201 / 129 |
Foco
⚔️ 26.0% · 🌾 74.0%
War Elephant ×63 · Hand Cannoneer ×54 · Trade Cart ×45 · Bombard Cannon ×12
Feudal
12:51
Castillos
22:28
Imperial
—
| APM promedio | 23.4 |
| APM pico | 96 |
| eAPM promedio | 15.3 |
| Aldeanos / militares | 33 / 91 |
Foco
⚔️ 25.4% · 🌾 74.6%
Archer ×35 · Conquistador ×26 · Militia ×11 · Skirmisher ×11 · Spearman ×7 · Trade Cart ×3
Feudal
10:56
Castillos
14:31
Imperial
27:52
| APM promedio | 27.8 |
| APM pico | 65 |
| eAPM promedio | 19.9 |
| Aldeanos / militares | 207 / 185 |
Foco
⚔️ 32.5% · 🌾 67.5%
Camel Scout ×94 · Trade Cart ×87 · Janissary ×71 · Bombard Cannon ×17 · Monk ×3
Feudal
10:24
Castillos
14:48
Imperial
33:20
| APM promedio | 33.3 |
| APM pico | 58 |
| eAPM promedio | 22.7 |
| Aldeanos / militares | 218 / 211 |
Foco
⚔️ 17.9% · 🌾 82.1%
Battle Elephant ×108 · Scout Cavalry ×95 · Trade Cart ×54 · Mangonel ×6 · Monk ×2
Feudal
11:45
Castillos
16:39
Imperial
32:58
| APM promedio | 19.0 |
| APM pico | 59 |
| eAPM promedio | 15.4 |
| Aldeanos / militares | 137 / 103 |
Foco
⚔️ 24.5% · 🌾 75.5%
Serjeant ×86 · Trade Cart ×37 · Mangonel ×17
Mapa de la partida
Recursos iniciales + cada clic de construcción. Líneas = muros · curvas = relieve. ◆ oro · ⬟ piedra · ● bayas · ✦ reliquia · ◌ hueco del cierre
Tu base· ✓ Cerrada en 17:23 · 36t muro · 1 puerta(s)
Base de 魏武王曹操· ✓ Cerrada en 15:55 · 43t muro · 1 puerta(s)
Base de eFkooo· ✓ Cerrada en 19:39 · 0t muro · sin puerta
Base de Naturespirit· ✓ Cerrada en 14:07 · 0t muro · sin puerta
Base de ghoslty· ✓ Cerrada en 22:28 · 0t muro · sin puerta
Base de RazerBladeUser· ✓ Cerrada en 14:31 · 0t muro · sin puerta
Base de gostying· ✓ Cerrada en 14:48 · 1t muro · sin puerta
Base de 123· ✓ Cerrada en 16:39 · 0t muro · sin puerta
Terreno inicial suavizado · ◌ = hueco del cierre detectado · pasá el cursor para detalles
Inputs por minuto
— Mozenrath - - 魏武王曹操
Build order — Mozenrath
Primeras 150 de 531 acciones detectadas
| 0:01 | Crear | Villager (Male) |
| 0:01 | Crear | Villager (Male) |
| 0:01 | Crear | Villager (Male) |
| 0:01 | Crear | Villager (Male) |
| 0:03 | Construir | House |
| 0:05 | Construir | House |
| 0:47 | Crear | Villager (Male) |
| 0:47 | Crear | Villager (Male) |
| 1:41 | Crear | Villager (Male) |
| 1:41 | Crear | Villager (Male) |
| 2:27 | Crear | Villager (Male) |
| 2:27 | Crear | Villager (Male) |
| 2:27 | Crear | Villager (Male) |
| 3:07 | Crear | Villager (Male) |
| 3:07 | Crear | Villager (Male) |
| 3:08 | Crear | Villager (Male) |
| 3:08 | Crear | Villager (Male) |
| 3:20 | Construir | House |
| 3:59 | Crear | Villager (Male) |
| 4:00 | Crear | Villager (Male) |
| 4:19 | Construir | Lumber Camp |
| 4:29 | Crear | Villager (Male) |
| 4:29 | Crear | Villager (Male) |
| 5:00 | Crear | Villager (Male) |
| 5:00 | Crear | Villager (Male) |
| 5:06 | Construir | House |
| 5:08 | Construir | House |
| 5:41 | Construir | Mill |
| 6:08 | Crear | Villager (Male) |
| 6:09 | Crear | Villager (Male) |
| 6:13 | Construir | House |
| 6:21 | Investigar | Loom |
| 7:05 | Construir | Palisade Wall |
| 7:09 | Construir | Palisade Wall |
| 7:14 | Crear | Villager (Male) |
| 7:33 | Investigar | Feudal Age |
| 7:33 | Investigar | Feudal Age |
| 8:02 | Construir | Mining Camp |
| 8:09 | Crear | Villager (Male) |
| 8:09 | Crear | Villager (Male) |
| 8:45 | Construir | Palisade Gate |
| 9:04 | Crear | Villager (Male) |
| 9:04 | Crear | Villager (Male) |
| 9:05 | Crear | Villager (Male) |
| 9:05 | Crear | Villager (Male) |
| 9:41 | Edad | Edad Feudal |
| 9:47 | Investigar | Double-Bit Axe |
| 9:51 | Investigar | Horse Collar |
| 9:59 | Construir | Blacksmith |
| 10:46 | Crear | Villager (Male) |
| 10:50 | Construir | House |
| 11:43 | Construir | Market |
| 11:50 | Crear | Villager (Male) |
| 12:04 | Construir | Lumber Camp |
| 12:17 | Crear | Villager (Male) |
| 12:21 | Construir | Farm |
| 12:24 | Construir | Farm |
| 12:26 | Construir | Farm |
| 12:50 | Construir | Farm |
| 13:07 | Construir | Mining Camp |
| 13:11 | Crear | Villager (Male) |
| 13:11 | Crear | Villager (Male) |
| 13:24 | Construir | Farm |
| 13:39 | Construir | Farm |
| 13:41 | Construir | Farm |
| 13:53 | Crear | Villager (Male) |
| 13:59 | Construir | Farm |
| 14:01 | Construir | Farm |
| 14:10 | Crear | Villager (Male) |
| 14:25 | Construir | Farm |
| 14:36 | Construir | Farm |
| 14:51 | Construir | Farm |
| 14:58 | Investigar | Castle Age |
| 14:58 | Investigar | Castle Age |
| 15:05 | Construir | House |
| 15:10 | Construir | House |
| 15:20 | Construir | House |
| 16:20 | Crear | Villager (Male) |
| 16:20 | Crear | Villager (Male) |
| 16:25 | Investigar | Wheelbarrow |
| 17:23 | Edad | Edad de los Castillos |
| 17:25 | Construir | Monastery |
| 17:31 | Construir | Town Center |
| 17:38 | Construir | Town Center |
| 17:43 | Investigar | Bow Saw |
| 17:43 | Investigar | Bow Saw |
| 18:00 | Investigar | Heavy Plow |
| 18:11 | Construir | Lumber Camp |
| 18:36 | Crear | Villager (Male) |
| 18:36 | Crear | Villager (Male) |
| 18:45 | Crear | Monk |
| 18:56 | Crear | Villager (Male) |
| 18:56 | Crear | Villager (Male) |
| 19:11 | Crear | Villager (Male) ×5 |
| 19:12 | Crear | Villager (Male) ×4 |
| 19:17 | Construir | Farm |
| 19:20 | Construir | Farm |
| 19:22 | Construir | Farm |
| 19:26 | Construir | Farm |
| 19:28 | Construir | Farm |
| 19:42 | Construir | Farm |
| 19:46 | Construir | Farm |
| 19:48 | Crear | Villager (Male) |
| 20:06 | Construir | Farm |
| 20:09 | Construir | Farm |
| 20:18 | Crear | Villager (Male) |
| 20:18 | Crear | Villager (Male) |
| 20:40 | Investigar | Hand Cart |
| 20:41 | Crear | Villager (Male) |
| 20:41 | Crear | Villager (Male) |
| 21:02 | Crear | Villager (Male) ×3 |
| 21:03 | Crear | Villager (Male) ×3 |
| 21:16 | Crear | Villager (Male) ×2 |
| 21:27 | Construir | Farm |
| 21:29 | Construir | Farm |
| 21:50 | Crear | Villager (Male) ×4 |
| 21:50 | Crear | Villager (Male) ×4 |
| 22:04 | Construir | Town Center |
| 22:10 | Crear | Villager (Male) |
| 22:10 | Crear | Villager (Male) |
| 22:12 | Construir | House |
| 22:18 | Construir | House |
| 22:23 | Construir | Farm |
| 22:28 | Construir | House |
| 22:28 | Construir | House |
| 22:32 | Crear | Villager (Male) ×5 |
| 22:32 | Crear | Villager (Male) |
| 22:51 | Construir | University |
| 23:00 | Crear | Villager (Male) |
| 23:05 | Construir | Farm |
| 23:06 | Crear | Villager (Male) ×5 |
| 23:07 | Crear | Villager (Male) ×5 |
| 23:13 | Construir | Farm |
| 23:13 | Construir | Farm |
| 23:14 | Construir | Farm |
| 23:14 | Construir | Farm |
| 23:14 | Construir | Farm |
| 23:17 | Construir | Farm |
| 23:18 | Construir | Farm |
| 23:18 | Construir | Farm |
| 23:20 | Crear | Villager (Male) ×2 |
| 23:21 | Crear | Villager (Male) ×2 |
| 23:31 | Construir | House |
| 23:32 | Construir | House |
| 23:34 | Construir | House |
| 23:35 | Construir | House |
| 23:38 | Construir | Farm |
| 23:42 | Crear | Villager (Male) ×5 |
| 23:43 | Crear | Villager (Male) ×5 |
| 23:46 | Construir | Farm |
Build order — 魏武王曹操
Primeras 150 de 421 acciones detectadas
| 0:02 | Crear | Villager (Male) |
| 0:06 | Construir | House |
| 0:06 | Construir | House |
| 0:08 | Construir | House |
| 0:08 | Construir | House |
| 0:10 | Investigar | Loom |
| 0:11 | Crear | Villager (Male) ×3 |
| 0:36 | Construir | Lumber Camp |
| 1:35 | Crear | Villager (Male) |
| 2:17 | Crear | Villager (Male) |
| 3:09 | Crear | Villager (Male) |
| 3:09 | Crear | Villager (Male) |
| 3:39 | Crear | Villager (Male) ×2 |
| 4:16 | Crear | Villager (Male) |
| 5:03 | Crear | Villager (Male) ×3 |
| 5:17 | Construir | Palisade Wall |
| 5:21 | Construir | Palisade Gate |
| 5:56 | Construir | Palisade Wall |
| 5:58 | Construir | Palisade Wall |
| 6:24 | Crear | Villager (Male) |
| 6:54 | Crear | Villager (Male) |
| 6:56 | Construir | Mill |
| 6:59 | Crear | Villager (Male) |
| 7:25 | Crear | Villager (Male) |
| 7:49 | Crear | Villager (Male) |
| 8:28 | Crear | Villager (Male) |
| 8:37 | Construir | House |
| 8:58 | Investigar | Feudal Age |
| 9:12 | Construir | Mining Camp |
| 10:01 | Crear | Villager (Male) ×5 |
| 11:09 | Edad | Edad Feudal |
| 11:13 | Construir | Stone Wall |
| 11:16 | Construir | Gate |
| 11:27 | Construir | Stone Wall |
| 11:30 | Construir | Stone Wall |
| 11:44 | Construir | Market |
| 11:51 | Construir | Blacksmith |
| 12:47 | Crear | Villager (Male) |
| 12:56 | Construir | House |
| 13:15 | Investigar | Castle Age |
| 13:15 | Investigar | Castle Age |
| 13:25 | Construir | Mining Camp |
| 14:19 | Investigar | Stone Mining |
| 14:50 | Construir | Farm |
| 14:51 | Construir | Farm |
| 14:53 | Investigar | Double-Bit Axe |
| 15:17 | Construir | Farm |
| 15:34 | Crear | Villager (Male) |
| 15:55 | Edad | Edad de los Castillos |
| 15:56 | Construir | Monastery |
| 16:00 | Crear | Villager (Male) |
| 16:13 | Construir | Stone Wall |
| 16:22 | Crear | Monk |
| 16:22 | Crear | Monk |
| 16:59 | Crear | Villager (Male) |
| 17:04 | Construir | House |
| 17:14 | Construir | Town Center |
| 17:33 | Crear | Villager (Male) |
| 17:37 | Construir | Farm |
| 17:38 | Construir | Farm |
| 18:03 | Construir | House |
| 18:06 | Crear | Villager (Male) |
| 18:12 | Crear | Monk |
| 18:38 | Construir | Farm |
| 18:39 | Construir | Farm |
| 18:41 | Crear | Villager (Male) |
| 18:55 | Construir | House |
| 19:03 | Construir | Farm |
| 19:04 | Construir | Farm |
| 19:06 | Construir | Farm |
| 19:13 | Crear | Villager (Male) |
| 19:33 | Construir | Farm |
| 19:33 | Construir | Farm |
| 19:36 | Crear | Villager (Male) |
| 19:43 | Construir | House |
| 19:44 | Construir | House |
| 19:45 | Crear | Villager (Male) |
| 19:49 | Construir | Farm |
| 19:50 | Construir | Farm |
| 20:03 | Investigar | Fervor |
| 20:11 | Crear | Villager (Male) |
| 20:24 | Crear | Villager (Male) |
| 20:34 | Construir | Town Center |
| 20:42 | Construir | Castle |
| 21:58 | Crear | Villager (Male) ×5 |
| 21:59 | Crear | Villager (Male) ×3 |
| 22:15 | Crear | Villager (Male) ×2 |
| 22:22 | Construir | Town Center |
| 22:35 | Crear | Villager (Male) |
| 22:35 | Crear | Villager (Male) |
| 22:42 | Construir | Farm |
| 22:44 | Construir | Farm |
| 22:44 | Construir | Farm |
| 23:13 | Crear | Villager (Male) ×4 |
| 23:13 | Crear | Villager (Male) ×4 |
| 23:21 | Construir | Farm |
| 23:22 | Construir | Farm |
| 23:27 | Crear | Villager (Male) |
| 23:45 | Crear | Villager (Male) ×2 |
| 23:48 | Crear | Trade Cart |
| 23:55 | Crear | Villager (Male) |
| 24:05 | Construir | Farm |
| 24:07 | Construir | Farm |
| 24:09 | Construir | Farm |
| 24:12 | Construir | Farm |
| 24:13 | Crear | Villager (Male) ×2 |
| 24:18 | Crear | Monk |
| 24:24 | Construir | House |
| 24:24 | Construir | House |
| 24:25 | Construir | House |
| 24:26 | Construir | House |
| 24:48 | Construir | Farm |
| 24:51 | Crear | Villager (Male) ×4 |
| 24:56 | Construir | Farm |
| 24:57 | Construir | Farm |
| 25:11 | Crear | Villager (Male) ×3 |
| 25:29 | Construir | Farm |
| 25:33 | Construir | Farm |
| 25:34 | Construir | Farm |
| 25:38 | Construir | Mill |
| 25:44 | Construir | Farm |
| 25:45 | Construir | Farm |
| 25:46 | Construir | Farm |
| 25:48 | Construir | Farm |
| 25:49 | Construir | Farm |
| 25:52 | Investigar | Gold Mining |
| 25:52 | Investigar | Gold Mining |
| 25:53 | Crear | Villager (Male) ×4 |
| 26:06 | Construir | Farm |
| 26:10 | Crear | Villager (Male) ×3 |
| 26:17 | Construir | Farm |
| 26:20 | Construir | Farm |
| 26:21 | Construir | Farm |
| 26:23 | Crear | Villager (Male) |
| 26:43 | Crear | Villager (Male) ×4 |
| 26:49 | Crear | Trade Cart |
| 26:55 | Construir | Farm |
| 26:56 | Construir | Farm |
| 26:57 | Construir | Farm |
| 26:58 | Construir | Farm |
| 27:00 | Crear | Villager (Male) ×2 |
| 27:02 | Crear | Villager (Male) |
| 27:17 | Construir | Farm |
| 27:20 | Crear | Villager (Male) ×4 |
| 27:25 | Investigar | Horse Collar |
| 27:37 | Crear | Villager (Male) ×2 |
| 27:53 | Crear | Villager (Male) ×4 |
| 27:55 | Investigar | Sanctity |
| 28:04 | Crear | Villager (Male) ×3 |
| 28:26 | Construir | Farm |
Build order — eFkooo
Primeras 150 de 315 acciones detectadas
| 0:13 | Construir | House |
| 0:16 | Crear | Villager (Male) |
| 0:16 | Crear | Villager (Male) |
| 0:16 | Crear | Villager (Male) |
| 0:16 | Crear | Villager (Male) |
| 0:17 | Crear | Villager (Male) |
| 0:17 | Crear | Villager (Male) |
| 0:26 | Construir | House |
| 0:29 | Construir | House |
| 0:38 | Construir | Lumber Camp |
| 2:17 | Crear | Villager (Male) |
| 3:08 | Crear | Villager (Male) |
| 3:16 | Crear | Villager (Male) |
| 3:57 | Crear | Villager (Male) |
| 3:57 | Crear | Villager (Male) |
| 4:44 | Crear | Villager (Male) |
| 4:53 | Crear | Villager (Male) |
| 4:58 | Crear | Villager (Male) |
| 5:26 | Construir | Mill |
| 6:01 | Crear | Villager (Male) |
| 6:19 | Crear | Villager (Male) |
| 6:47 | Crear | Villager (Male) |
| 6:47 | Crear | Villager (Male) |
| 6:47 | Crear | Villager (Male) |
| 6:47 | Crear | Villager (Male) |
| 6:47 | Crear | Villager (Male) |
| 7:00 | Construir | House |
| 7:04 | Construir | House |
| 7:09 | Construir | House |
| 7:40 | Crear | Villager (Male) |
| 7:41 | Crear | Villager (Male) |
| 8:02 | Construir | Mining Camp |
| 8:14 | Construir | Farm |
| 8:39 | Crear | Villager (Male) |
| 8:40 | Crear | Villager (Male) |
| 8:40 | Crear | Villager (Male) |
| 8:57 | Construir | House |
| 9:00 | Construir | House |
| 9:04 | Construir | House |
| 9:09 | Construir | House |
| 9:11 | Construir | House |
| 9:14 | Construir | House |
| 9:59 | Crear | Villager (Male) |
| 10:00 | Crear | Villager (Male) |
| 10:28 | Crear | Villager (Male) |
| 11:08 | Investigar | Feudal Age |
| 11:36 | Construir | Farm |
| 11:43 | Construir | Farm |
| 11:48 | Construir | Farm |
| 13:09 | Construir | Mining Camp |
| 13:17 | Construir | Mining Camp |
| 13:24 | Construir | Farm |
| 13:24 | Edad | Edad Feudal |
| 13:30 | Construir | Farm |
| 13:36 | Construir | Farm |
| 13:45 | Construir | Market |
| 13:59 | Investigar | Wheelbarrow |
| 13:59 | Crear | Villager (Male) |
| 14:00 | Crear | Villager (Male) ×5 |
| 14:00 | Crear | Villager (Male) ×5 |
| 14:13 | Construir | Farm |
| 14:22 | Construir | Farm |
| 15:04 | Construir | Blacksmith |
| 15:43 | Investigar | Double-Bit Axe |
| 16:33 | Construir | Barracks |
| 16:54 | Construir | Farm |
| 16:54 | Construir | Farm |
| 16:59 | Investigar | Castle Age |
| 17:01 | Crear | Villager (Male) |
| 17:01 | Crear | Villager (Male) |
| 17:01 | Crear | Villager (Male) |
| 17:23 | Construir | Farm |
| 17:52 | Crear | Trade Cart |
| 18:29 | Crear | Villager (Male) ×5 |
| 18:30 | Crear | Villager (Male) ×5 |
| 18:30 | Crear | Villager (Male) ×3 |
| 18:30 | Crear | Villager (Male) ×3 |
| 19:39 | Edad | Edad de los Castillos |
| 19:58 | Construir | Town Center |
| 20:07 | Crear | Villager (Male) ×5 |
| 20:07 | Crear | Villager (Male) ×5 |
| 20:07 | Crear | Villager (Male) ×5 |
| 20:46 | Crear | Villager (Male) |
| 20:46 | Crear | Villager (Male) |
| 20:59 | Construir | Farm |
| 21:46 | Construir | Mining Camp |
| 22:03 | Crear | Villager (Male) ×5 |
| 22:03 | Crear | Villager (Male) ×5 |
| 22:03 | Crear | Villager (Male) ×5 |
| 22:03 | Crear | Villager (Male) ×5 |
| 22:04 | Crear | Villager (Male) ×5 |
| 22:32 | Crear | Villager (Male) ×5 |
| 22:32 | Crear | Villager (Male) ×5 |
| 22:32 | Crear | Villager (Male) ×5 |
| 22:43 | Construir | Farm |
| 22:52 | Construir | Farm |
| 23:20 | Construir | Farm |
| 23:21 | Construir | Farm |
| 23:27 | Crear | Villager (Male) ×3 |
| 23:27 | Crear | Villager (Male) ×3 |
| 23:28 | Crear | Villager (Male) ×3 |
| 23:39 | Crear | Villager (Male) |
| 23:39 | Crear | Villager (Male) |
| 23:39 | Crear | Villager (Male) |
| 23:40 | Crear | Villager (Male) |
| 23:46 | Crear | Villager (Male) ×5 |
| 23:46 | Crear | Villager (Male) ×5 |
| 24:22 | Construir | Town Center |
| 24:28 | Crear | Villager (Male) ×2 |
| 24:42 | Investigar | Hand Cart |
| 24:44 | Crear | Villager (Male) ×5 |
| 24:45 | Crear | Villager (Male) ×5 |
| 24:45 | Crear | Villager (Male) ×3 |
| 24:53 | Construir | Farm |
| 25:03 | Construir | Farm |
| 25:20 | Construir | Farm |
| 25:26 | Construir | Farm |
| 25:41 | Construir | Farm |
| 26:01 | Crear | Villager (Male) ×5 |
| 26:01 | Crear | Villager (Male) ×5 |
| 26:01 | Crear | Villager (Male) ×5 |
| 26:01 | Crear | Villager (Male) ×2 |
| 26:07 | Crear | Trade Cart |
| 26:42 | Construir | Mining Camp |
| 26:56 | Construir | Farm |
| 27:01 | Construir | Farm |
| 27:09 | Construir | Farm |
| 27:21 | Construir | Farm |
| 27:23 | Investigar | Horse Collar |
| 27:32 | Investigar | Bow Saw |
| 27:38 | Crear | Villager (Male) ×5 |
| 27:39 | Crear | Villager (Male) ×5 |
| 27:39 | Crear | Villager (Male) ×5 |
| 27:39 | Crear | Villager (Male) ×4 |
| 28:07 | Construir | Lumber Camp |
| 28:21 | Investigar | Caravan |
| 28:22 | Crear | Trade Cart |
| 28:28 | Construir | Farm |
| 28:29 | Construir | Farm |
| 29:18 | Construir | Castle |
| 29:38 | Construir | House |
| 29:41 | Construir | House |
| 29:44 | Construir | House |
| 29:47 | Construir | House |
| 29:50 | Construir | House |
| 30:40 | Construir | Barracks |
| 30:44 | Construir | Barracks |
| 30:49 | Construir | Barracks |
| 31:00 | Construir | Castle |
| 31:11 | Crear | Villager (Male) ×5 |
Build order — Naturespirit
Primeras 150 de 514 acciones detectadas
| 0:32 | Construir | House |
| 0:33 | Crear | Villager (Male) |
| 0:33 | Crear | Villager (Male) |
| 0:33 | Crear | Villager (Male) |
| 0:34 | Crear | Villager (Male) |
| 0:34 | Crear | Villager (Male) |
| 0:34 | Crear | Villager (Male) |
| 0:40 | Construir | House |
| 0:44 | Construir | House |
| 0:45 | Construir | House |
| 2:04 | Crear | Villager (Male) |
| 2:05 | Crear | Villager (Male) |
| 2:10 | Construir | House |
| 2:13 | Construir | House |
| 2:16 | Construir | Lumber Camp |
| 2:33 | Crear | Villager (Male) |
| 2:33 | Crear | Villager (Male) |
| 3:00 | Crear | Villager (Male) |
| 3:00 | Crear | Villager (Male) |
| 3:44 | Crear | Villager (Male) |
| 4:03 | Crear | Villager (Male) |
| 4:29 | Crear | Villager (Male) |
| 4:54 | Crear | Villager (Male) |
| 4:54 | Crear | Villager (Male) |
| 5:21 | Crear | Villager (Male) |
| 5:21 | Crear | Villager (Male) |
| 5:35 | Construir | Mill |
| 5:43 | Crear | Villager (Male) |
| 5:44 | Crear | Villager (Male) |
| 6:25 | Crear | Villager (Male) |
| 6:36 | Construir | Farm |
| 6:41 | Construir | Farm |
| 6:45 | Construir | Farm |
| 6:50 | Crear | Villager (Male) |
| 6:51 | Crear | Villager (Male) |
| 7:39 | Crear | Villager (Male) |
| 7:39 | Crear | Villager (Male) |
| 8:25 | Construir | Mining Camp |
| 8:39 | Investigar | Feudal Age |
| 8:39 | Investigar | Feudal Age |
| 9:33 | Crear | Villager (Male) |
| 9:33 | Crear | Villager (Male) |
| 10:43 | Edad | Edad Feudal |
| 10:50 | Construir | Market |
| 10:53 | Construir | Blacksmith |
| 11:41 | Investigar | Castle Age |
| 11:41 | Investigar | Castle Age |
| 11:54 | Investigar | Double-Bit Axe |
| 12:53 | Investigar | Horse Collar |
| 13:50 | Investigar | Wheelbarrow |
| 14:07 | Edad | Edad de los Castillos |
| 14:12 | Construir | Town Center |
| 14:42 | Investigar | Bow Saw |
| 15:05 | Crear | Villager (Male) |
| 15:06 | Crear | Villager (Male) |
| 15:32 | Investigar | Heavy Plow |
| 15:40 | Crear | Villager (Male) |
| 15:54 | Construir | Farm |
| 16:00 | Construir | Farm |
| 16:12 | Crear | Villager (Male) |
| 16:30 | Crear | Villager (Male) |
| 16:41 | Construir | Town Center |
| 16:49 | Crear | Villager (Male) |
| 16:56 | Crear | Villager (Male) |
| 17:12 | Construir | Farm |
| 17:15 | Construir | Farm |
| 17:18 | Construir | Farm |
| 17:18 | Construir | Farm |
| 17:18 | Construir | Farm |
| 17:20 | Construir | Farm |
| 17:21 | Construir | Farm |
| 17:25 | Crear | Villager (Male) |
| 17:25 | Crear | Villager (Male) |
| 17:32 | Crear | Villager (Male) |
| 17:50 | Crear | Villager (Male) |
| 17:50 | Crear | Villager (Male) |
| 17:55 | Construir | Farm |
| 17:56 | Construir | Farm |
| 17:58 | Construir | Farm |
| 18:11 | Construir | Farm |
| 18:13 | Construir | Farm |
| 18:16 | Construir | Farm |
| 18:18 | Crear | Villager (Male) |
| 18:29 | Construir | Mining Camp |
| 18:33 | Crear | Villager (Male) |
| 18:33 | Crear | Villager (Male) |
| 18:40 | Construir | Farm |
| 18:42 | Construir | Farm |
| 18:49 | Construir | Farm |
| 18:50 | Construir | Farm |
| 18:54 | Crear | Villager (Male) |
| 18:54 | Crear | Villager (Male) |
| 19:06 | Construir | House |
| 19:07 | Construir | House |
| 19:10 | Construir | House |
| 19:11 | Construir | House |
| 19:35 | Crear | Villager (Male) |
| 19:36 | Crear | Villager (Male) |
| 19:37 | Crear | Villager (Male) |
| 19:49 | Crear | Villager (Male) |
| 19:50 | Crear | Villager (Male) |
| 19:51 | Crear | Villager (Male) |
| 19:53 | Crear | Villager (Male) |
| 20:01 | Construir | Farm |
| 20:03 | Construir | Farm |
| 20:07 | Crear | Villager (Male) |
| 20:08 | Crear | Villager (Male) |
| 20:12 | Construir | House |
| 20:13 | Construir | House |
| 20:14 | Construir | House |
| 20:17 | Construir | House |
| 20:19 | Construir | House |
| 20:21 | Construir | House |
| 20:29 | Crear | Villager (Male) |
| 20:31 | Crear | Villager (Male) |
| 20:32 | Crear | Villager (Male) |
| 20:44 | Construir | Town Center |
| 20:50 | Crear | Villager (Male) |
| 20:51 | Crear | Villager (Male) |
| 20:52 | Crear | Villager (Male) |
| 20:58 | Construir | House |
| 21:00 | Construir | House |
| 21:01 | Construir | House |
| 21:02 | Construir | House |
| 21:04 | Construir | House |
| 21:05 | Construir | House |
| 21:06 | Construir | House |
| 21:09 | Construir | House |
| 21:14 | Crear | Villager (Male) |
| 21:14 | Crear | Villager (Male) |
| 21:15 | Crear | Villager (Male) |
| 21:34 | Crear | Villager (Male) |
| 21:35 | Crear | Villager (Male) |
| 21:35 | Crear | Villager (Male) |
| 21:55 | Construir | Town Center |
| 22:01 | Crear | Villager (Male) |
| 22:02 | Crear | Villager (Male) |
| 22:02 | Crear | Villager (Male) |
| 22:15 | Crear | Villager (Male) |
| 22:15 | Crear | Villager (Male) |
| 22:16 | Crear | Villager (Male) |
| 22:20 | Construir | Lumber Camp |
| 22:26 | Investigar | Stone Mining |
| 22:28 | Investigar | Gold Mining |
| 22:35 | Construir | Farm |
| 22:35 | Construir | Farm |
| 22:36 | Construir | Farm |
| 22:36 | Construir | Farm |
| 22:36 | Construir | Farm |
| 22:37 | Construir | Farm |
Build order — ghoslty
Primeras 150 de 186 acciones detectadas
| 0:07 | Construir | House |
| 0:09 | Construir | House |
| 0:14 | Crear | Villager (Male) |
| 0:39 | Construir | House |
| 0:49 | Construir | Mill |
| 1:48 | Crear | Villager (Male) |
| 1:49 | Crear | Villager (Male) |
| 1:49 | Crear | Villager (Male) |
| 5:07 | Crear | Villager (Male) |
| 5:07 | Crear | Villager (Male) |
| 5:08 | Crear | Villager (Male) |
| 5:08 | Crear | Villager (Male) |
| 5:08 | Crear | Villager (Male) |
| 5:09 | Crear | Villager (Male) |
| 5:09 | Crear | Villager (Male) |
| 5:10 | Crear | Villager (Male) |
| 8:43 | Construir | Lumber Camp |
| 10:41 | Investigar | Feudal Age |
| 10:59 | Construir | Mining Camp |
| 11:35 | Construir | Farm |
| 11:43 | Construir | Farm |
| 12:21 | Investigar | Loom |
| 12:35 | Construir | Farm |
| 12:51 | Edad | Edad Feudal |
| 13:23 | Crear | Villager (Male) |
| 13:23 | Crear | Villager (Male) |
| 13:23 | Crear | Villager (Male) |
| 13:24 | Crear | Villager (Male) |
| 13:24 | Crear | Villager (Male) |
| 13:24 | Crear | Villager (Male) |
| 13:24 | Crear | Villager (Male) |
| 13:25 | Crear | Villager (Male) |
| 14:09 | Construir | Farm |
| 14:28 | Construir | Market |
| 14:55 | Construir | Mining Camp |
| 15:34 | Construir | House |
| 15:36 | Construir | House |
| 15:37 | Construir | House |
| 15:38 | Construir | House |
| 16:41 | Construir | Blacksmith |
| 17:16 | Crear | Trade Cart |
| 18:11 | Construir | Lumber Camp |
| 18:28 | Construir | Farm |
| 19:48 | Investigar | Castle Age |
| 20:09 | Crear | Trade Cart |
| 20:41 | Investigar | Double-Bit Axe |
| 22:17 | Construir | Farm |
| 22:28 | Edad | Edad de los Castillos |
| 22:38 | Investigar | Gold Mining |
| 22:39 | Investigar | Stone Mining |
| 23:53 | Construir | Monastery |
| 24:36 | Crear | Monk |
| 25:53 | Crear | Villager (Male) |
| 25:54 | Crear | Villager (Male) |
| 25:54 | Crear | Villager (Male) |
| 25:54 | Crear | Villager (Male) |
| 25:54 | Crear | Villager (Male) |
| 25:55 | Crear | Villager (Male) |
| 25:55 | Crear | Villager (Male) |
| 25:55 | Crear | Villager (Male) |
| 25:56 | Crear | Villager (Male) |
| 25:56 | Crear | Villager (Male) |
| 25:56 | Crear | Villager (Male) |
| 26:18 | Crear | Trade Cart |
| 26:46 | Construir | Castle |
| 27:11 | Construir | University |
| 28:02 | Construir | Town Center |
| 29:20 | Construir | House |
| 29:21 | Construir | House |
| 29:22 | Construir | House |
| 29:36 | Investigar | Bow Saw |
| 30:36 | Investigar | Padded Archer Armor |
| 30:36 | Investigar | Fletching |
| 31:06 | Construir | Siege Workshop |
| 32:11 | Construir | House |
| 32:12 | Construir | House |
| 32:13 | Construir | House |
| 32:15 | Construir | House |
| 33:21 | Construir | Barracks |
| 34:36 | Construir | Castle |
| 34:49 | Construir | Archery Range |
| 34:50 | Construir | Archery Range |
| 34:52 | Construir | Archery Range |
| 34:54 | Construir | Archery Range |
| 35:13 | Crear | Conquistador |
| 35:13 | Crear | Conquistador |
| 35:13 | Crear | Conquistador |
| 35:13 | Crear | Conquistador |
| 35:14 | Crear | Conquistador |
| 35:14 | Crear | Conquistador |
| 35:14 | Crear | Conquistador |
| 35:15 | Crear | Conquistador |
| 35:15 | Crear | Conquistador |
| 35:15 | Crear | Conquistador |
| 35:16 | Crear | Conquistador |
| 35:16 | Crear | Conquistador |
| 36:34 | Crear | Villager (Male) |
| 36:34 | Crear | Villager (Male) |
| 37:08 | Construir | Farm |
| 37:20 | Construir | Town Center |
| 37:36 | Construir | Archery Range |
| 37:38 | Construir | Archery Range |
| 38:57 | Construir | Lumber Camp |
| 39:09 | Construir | Farm |
| 39:36 | Construir | Castle |
| 41:20 | Crear | Conquistador |
| 41:21 | Crear | Conquistador |
| 41:21 | Crear | Conquistador |
| 41:21 | Crear | Conquistador |
| 41:22 | Crear | Conquistador |
| 41:22 | Crear | Conquistador |
| 41:22 | Crear | Conquistador |
| 41:23 | Crear | Conquistador |
| 41:23 | Crear | Conquistador |
| 41:23 | Crear | Conquistador |
| 41:24 | Crear | Conquistador |
| 41:24 | Crear | Conquistador |
| 41:24 | Crear | Conquistador |
| 41:25 | Crear | Conquistador |
| 42:19 | Crear | Archer |
| 42:19 | Crear | Archer |
| 42:20 | Crear | Archer |
| 42:20 | Crear | Archer |
| 42:20 | Crear | Archer |
| 42:21 | Crear | Archer |
| 42:21 | Crear | Archer |
| 42:21 | Crear | Archer |
| 42:22 | Crear | Archer |
| 42:22 | Crear | Archer |
| 42:22 | Crear | Archer |
| 42:23 | Crear | Archer |
| 42:23 | Crear | Archer |
| 42:23 | Crear | Archer |
| 42:23 | Crear | Archer |
| 42:24 | Crear | Archer |
| 42:24 | Crear | Archer |
| 42:24 | Crear | Archer |
| 42:25 | Crear | Archer |
| 42:25 | Crear | Archer |
| 42:25 | Crear | Archer |
| 42:26 | Crear | Archer |
| 42:26 | Crear | Archer |
| 42:26 | Crear | Archer |
| 42:27 | Crear | Archer |
| 42:27 | Crear | Archer |
| 42:27 | Crear | Archer |
| 42:28 | Crear | Archer |
| 42:28 | Crear | Archer |
| 42:28 | Crear | Archer |
| 42:28 | Crear | Archer |
Build order — RazerBladeUser
Primeras 150 de 563 acciones detectadas
| 0:01 | Crear | Villager (Male) ×4 |
| 0:03 | Construir | House |
| 0:04 | Construir | House |
| 1:07 | Crear | Villager (Male) |
| 2:01 | Crear | Villager (Male) |
| 2:23 | Crear | Villager (Male) |
| 2:33 | Crear | Villager (Male) |
| 3:08 | Crear | Villager (Male) |
| 3:08 | Crear | Villager (Male) |
| 3:11 | Crear | Villager (Male) |
| 3:38 | Crear | Villager (Male) |
| 3:51 | Construir | House |
| 4:14 | Crear | Villager (Male) |
| 4:19 | Crear | Villager (Male) |
| 4:19 | Crear | Villager (Male) |
| 4:19 | Crear | Villager (Male) |
| 4:19 | Crear | Villager (Male) |
| 4:44 | Crear | Villager (Male) |
| 5:20 | Construir | Lumber Camp |
| 5:28 | Crear | Villager (Male) |
| 5:28 | Crear | Villager (Male) |
| 5:28 | Crear | Villager (Male) |
| 6:07 | Construir | House |
| 6:19 | Crear | Villager (Male) |
| 6:33 | Construir | Mill |
| 8:09 | Construir | Mining Camp |
| 8:20 | Investigar | Feudal Age |
| 8:20 | Crear | Villager (Male) |
| 8:21 | Crear | Villager (Male) |
| 8:59 | Construir | Lumber Camp |
| 9:35 | Construir | House |
| 10:56 | Edad | Edad Feudal |
| 11:13 | Construir | Market |
| 11:18 | Construir | Blacksmith |
| 11:51 | Investigar | Castle Age |
| 11:51 | Investigar | Castle Age |
| 11:59 | Investigar | Double-Bit Axe |
| 12:34 | Investigar | Horse Collar |
| 12:49 | Crear | Villager (Male) |
| 12:50 | Crear | Villager (Male) |
| 13:17 | Crear | Villager (Male) |
| 14:19 | Construir | Farm |
| 14:21 | Construir | Farm |
| 14:31 | Construir | Farm |
| 14:31 | Edad | Edad de los Castillos |
| 14:32 | Construir | Farm |
| 14:34 | Construir | House |
| 14:36 | Construir | House |
| 14:41 | Construir | Town Center |
| 14:44 | Construir | Town Center |
| 14:48 | Investigar | Bow Saw |
| 14:53 | Construir | House |
| 14:58 | Crear | Villager (Male) |
| 15:05 | Crear | Villager (Male) |
| 15:05 | Crear | Villager (Male) |
| 15:10 | Construir | Farm |
| 15:35 | Crear | Villager (Male) |
| 15:52 | Crear | Villager (Male) ×2 |
| 15:56 | Construir | Farm |
| 16:01 | Construir | Farm |
| 16:07 | Construir | House |
| 16:08 | Crear | Villager (Male) |
| 16:17 | Construir | Farm |
| 16:26 | Construir | Farm |
| 16:38 | Crear | Villager (Male) |
| 16:41 | Crear | Villager (Male) ×2 |
| 16:43 | Construir | House |
| 16:54 | Construir | Farm |
| 17:01 | Construir | Farm |
| 17:02 | Crear | Villager (Male) |
| 17:04 | Construir | Farm |
| 17:08 | Crear | Villager (Male) |
| 17:12 | Crear | Villager (Male) ×2 |
| 17:15 | Construir | House |
| 17:16 | Construir | House |
| 17:18 | Construir | House |
| 17:26 | Construir | Farm |
| 17:34 | Crear | Villager (Male) |
| 17:36 | Crear | Villager (Male) ×2 |
| 17:36 | Crear | Villager (Male) ×2 |
| 17:40 | Construir | Farm |
| 17:43 | Construir | Farm |
| 17:47 | Construir | Farm |
| 17:48 | Crear | Villager (Male) |
| 17:51 | Crear | Villager (Male) |
| 17:51 | Crear | Villager (Male) |
| 17:56 | Construir | Farm |
| 18:05 | Crear | Villager (Male) |
| 18:05 | Crear | Villager (Male) |
| 18:07 | Construir | Farm |
| 18:11 | Crear | Villager (Male) ×2 |
| 18:14 | Construir | Farm |
| 18:16 | Crear | Villager (Male) |
| 18:24 | Construir | Farm |
| 18:33 | Crear | Villager (Male) |
| 18:38 | Crear | Villager (Male) |
| 18:43 | Crear | Villager (Male) ×2 |
| 18:47 | Construir | House |
| 18:47 | Construir | House |
| 18:52 | Construir | Farm |
| 18:53 | Crear | Villager (Male) |
| 18:58 | Construir | House |
| 19:01 | Construir | Farm |
| 19:07 | Investigar | Wheelbarrow |
| 19:12 | Construir | House |
| 19:14 | Crear | Villager (Male) |
| 19:18 | Construir | House |
| 19:24 | Crear | Villager (Male) |
| 19:24 | Crear | Villager (Male) |
| 19:31 | Crear | Villager (Male) |
| 19:37 | Crear | Villager (Male) |
| 19:38 | Crear | Villager (Male) |
| 19:38 | Crear | Villager (Male) |
| 19:38 | Crear | Villager (Male) |
| 20:00 | Construir | Town Center |
| 20:03 | Crear | Villager (Male) |
| 20:03 | Crear | Villager (Male) |
| 20:03 | Crear | Villager (Male) |
| 20:05 | Construir | Farm |
| 20:10 | Construir | House |
| 20:11 | Construir | House |
| 20:12 | Construir | House |
| 20:13 | Crear | Villager (Male) |
| 20:13 | Crear | Villager (Male) |
| 20:26 | Crear | Villager (Male) |
| 20:26 | Crear | Villager (Male) |
| 20:34 | Construir | Farm |
| 20:36 | Construir | Farm |
| 20:37 | Construir | Farm |
| 20:38 | Construir | Farm |
| 20:44 | Crear | Villager (Male) |
| 20:44 | Crear | Villager (Male) |
| 20:44 | Crear | Villager (Male) |
| 20:51 | Crear | Villager (Male) |
| 20:51 | Crear | Villager (Male) |
| 20:57 | Construir | Farm |
| 20:58 | Construir | Farm |
| 21:00 | Construir | Mill |
| 21:05 | Crear | Villager (Male) ×2 |
| 21:12 | Construir | Farm |
| 21:14 | Crear | Villager (Male) |
| 21:14 | Crear | Villager (Male) |
| 21:16 | Construir | Farm |
| 21:18 | Construir | Farm |
| 21:22 | Construir | Farm |
| 21:23 | Construir | Farm |
| 21:23 | Construir | Farm |
| 21:23 | Construir | Farm |
| 21:34 | Construir | Farm |
| 21:37 | Crear | Villager (Male) |
Build order — gostying
Primeras 150 de 563 acciones detectadas
| 0:02 | Crear | Villager (Male) |
| 0:02 | Crear | Villager (Male) |
| 0:03 | Crear | Villager (Male) |
| 0:03 | Crear | Villager (Male) |
| 0:05 | Construir | House |
| 0:06 | Construir | House |
| 1:25 | Crear | Villager (Male) |
| 1:26 | Crear | Villager (Male) |
| 1:51 | Construir | Lumber Camp |
| 2:10 | Crear | Villager (Male) |
| 2:10 | Crear | Villager (Male) |
| 2:38 | Crear | Villager (Male) |
| 2:39 | Crear | Villager (Male) |
| 2:39 | Crear | Villager (Male) |
| 3:34 | Crear | Villager (Male) |
| 3:35 | Crear | Villager (Male) |
| 3:35 | Crear | Villager (Male) |
| 3:45 | Construir | House |
| 4:07 | Crear | Villager (Male) |
| 4:07 | Crear | Villager (Male) |
| 4:11 | Crear | Villager (Male) |
| 4:11 | Crear | Villager (Male) |
| 4:15 | Construir | Mill |
| 5:19 | Crear | Villager (Male) |
| 5:19 | Crear | Villager (Male) |
| 5:36 | Crear | Villager (Male) |
| 5:54 | Construir | House |
| 5:57 | Crear | Villager (Male) |
| 5:58 | Crear | Villager (Male) |
| 5:58 | Crear | Villager (Male) |
| 6:34 | Crear | Villager (Male) |
| 6:54 | Crear | Villager (Male) |
| 7:03 | Construir | Palisade Wall |
| 7:09 | Crear | Villager (Male) |
| 7:10 | Crear | Villager (Male) |
| 7:10 | Crear | Villager (Male) |
| 7:16 | Crear | Villager (Male) |
| 7:16 | Crear | Villager (Male) |
| 8:12 | Investigar | Feudal Age |
| 9:46 | Construir | House |
| 10:19 | Crear | Villager (Male) |
| 10:20 | Crear | Villager (Male) |
| 10:20 | Crear | Villager (Male) |
| 10:24 | Edad | Edad Feudal |
| 10:33 | Construir | Blacksmith |
| 10:56 | Construir | Market |
| 11:43 | Crear | Villager (Male) |
| 12:01 | Investigar | Castle Age |
| 12:24 | Investigar | Horse Collar |
| 14:31 | Crear | Villager (Male) |
| 14:31 | Crear | Villager (Male) |
| 14:48 | Edad | Edad de los Castillos |
| 14:50 | Construir | Town Center |
| 14:54 | Construir | Town Center |
| 15:05 | Construir | Monastery |
| 15:06 | Crear | Villager (Male) |
| 15:20 | Investigar | Heavy Plow |
| 15:21 | Crear | Villager (Male) |
| 15:40 | Crear | Villager (Male) |
| 15:46 | Construir | House |
| 15:47 | Construir | House |
| 15:57 | Construir | Farm |
| 15:58 | Construir | Farm |
| 15:59 | Crear | Villager (Male) |
| 15:59 | Crear | Villager (Male) |
| 16:01 | Crear | Monk |
| 16:03 | Crear | Villager (Male) |
| 16:09 | Crear | Villager (Male) |
| 16:10 | Crear | Villager (Male) |
| 16:13 | Construir | Farm |
| 16:16 | Construir | Farm |
| 16:17 | Construir | Farm |
| 16:22 | Construir | Farm |
| 16:30 | Construir | Farm |
| 16:36 | Construir | Farm |
| 16:55 | Crear | Monk |
| 17:09 | Crear | Villager (Male) |
| 17:09 | Crear | Villager (Male) |
| 17:14 | Construir | House |
| 17:15 | Construir | House |
| 17:17 | Construir | House |
| 17:20 | Construir | Farm |
| 17:22 | Construir | Farm |
| 17:23 | Crear | Villager (Male) |
| 17:25 | Construir | Farm |
| 17:34 | Construir | Farm |
| 17:42 | Crear | Villager (Male) |
| 17:42 | Crear | Villager (Male) |
| 17:42 | Crear | Villager (Male) |
| 18:02 | Crear | Villager (Male) |
| 18:02 | Crear | Villager (Male) |
| 18:03 | Crear | Villager (Male) |
| 18:03 | Crear | Villager (Male) |
| 18:12 | Construir | Farm |
| 18:13 | Crear | Villager (Male) |
| 18:13 | Crear | Villager (Male) |
| 18:17 | Construir | Farm |
| 18:25 | Construir | Farm |
| 18:26 | Crear | Villager (Male) |
| 18:26 | Crear | Villager (Male) |
| 18:27 | Construir | Farm |
| 18:30 | Construir | Farm |
| 18:40 | Crear | Villager (Male) |
| 18:40 | Crear | Villager (Male) |
| 18:52 | Crear | Villager (Male) |
| 18:52 | Crear | Villager (Male) |
| 18:58 | Crear | Villager (Male) |
| 18:58 | Crear | Villager (Male) |
| 18:58 | Crear | Villager (Male) |
| 19:03 | Construir | Town Center |
| 19:11 | Crear | Villager (Male) |
| 19:12 | Crear | Villager (Male) |
| 19:12 | Crear | Villager (Male) |
| 19:15 | Crear | Villager (Male) |
| 19:15 | Crear | Villager (Male) |
| 19:23 | Crear | Villager (Male) |
| 19:23 | Crear | Villager (Male) |
| 19:23 | Crear | Villager (Male) |
| 19:28 | Construir | Town Center |
| 19:46 | Investigar | Fervor |
| 19:47 | Crear | Villager (Male) |
| 19:47 | Crear | Villager (Male) |
| 20:00 | Crear | Villager (Male) |
| 20:00 | Crear | Villager (Male) |
| 20:03 | Construir | House |
| 20:04 | Construir | House |
| 20:07 | Construir | House |
| 20:11 | Crear | Villager (Male) |
| 20:11 | Crear | Villager (Male) |
| 20:17 | Crear | Villager (Male) |
| 20:20 | Construir | House |
| 20:21 | Construir | House |
| 20:22 | Construir | House |
| 20:27 | Crear | Villager (Male) |
| 20:27 | Crear | Villager (Male) |
| 20:27 | Crear | Villager (Male) |
| 20:32 | Crear | Villager (Male) |
| 20:37 | Construir | Farm |
| 20:38 | Construir | Farm |
| 20:43 | Construir | Farm |
| 20:43 | Crear | Villager (Male) |
| 20:44 | Crear | Villager (Male) |
| 20:47 | Construir | Farm |
| 20:51 | Crear | Villager (Male) |
| 20:51 | Crear | Villager (Male) |
| 20:53 | Construir | Farm |
| 20:57 | Construir | Farm |
| 21:00 | Construir | Farm |
| 21:03 | Crear | Villager (Male) |
| 21:03 | Crear | Villager (Male) |
Build order — 123
Primeras 150 de 487 acciones detectadas
| 0:04 | Construir | House |
| 0:07 | Construir | House |
| 0:12 | Crear | Villager (Male) |
| 0:12 | Crear | Villager (Male) |
| 0:12 | Crear | Villager (Male) |
| 0:13 | Crear | Villager (Male) |
| 0:13 | Investigar | Loom |
| 2:48 | Crear | Villager (Male) |
| 2:48 | Crear | Villager (Male) |
| 2:49 | Crear | Villager (Male) |
| 2:49 | Crear | Villager (Male) |
| 2:49 | Crear | Villager (Male) |
| 3:21 | Construir | Lumber Camp |
| 4:05 | Crear | Villager (Male) |
| 4:05 | Crear | Villager (Male) |
| 4:14 | Construir | House |
| 4:15 | Construir | House |
| 4:23 | Crear | Villager (Male) |
| 4:23 | Crear | Villager (Male) |
| 4:23 | Crear | Villager (Male) |
| 5:31 | Crear | Villager (Male) |
| 5:31 | Crear | Villager (Male) |
| 5:31 | Crear | Villager (Male) |
| 6:11 | Crear | Villager (Male) |
| 6:11 | Crear | Villager (Male) |
| 6:39 | Construir | Mill |
| 7:22 | Crear | Villager (Male) |
| 7:23 | Crear | Villager (Male) |
| 7:23 | Crear | Villager (Male) |
| 7:55 | Construir | Mining Camp |
| 8:36 | Construir | House |
| 8:37 | Construir | House |
| 8:48 | Construir | Lumber Camp |
| 9:08 | Construir | Lumber Camp |
| 9:35 | Investigar | Feudal Age |
| 11:45 | Edad | Edad Feudal |
| 11:52 | Construir | Blacksmith |
| 12:01 | Construir | Market |
| 12:24 | Construir | Lumber Camp |
| 12:51 | Construir | Farm |
| 12:52 | Construir | Farm |
| 12:53 | Construir | Farm |
| 13:59 | Investigar | Castle Age |
| 14:43 | Investigar | Double-Bit Axe |
| 15:00 | Crear | Villager (Male) |
| 15:00 | Crear | Villager (Male) |
| 15:07 | Crear | Villager (Male) |
| 15:07 | Crear | Villager (Male) |
| 15:50 | Crear | Villager (Male) |
| 15:50 | Crear | Villager (Male) |
| 15:50 | Crear | Villager (Male) |
| 16:39 | Edad | Edad de los Castillos |
| 16:42 | Construir | Town Center |
| 16:48 | Crear | Villager (Male) |
| 16:49 | Crear | Villager (Male) |
| 16:52 | Investigar | Horse Collar |
| 17:03 | Construir | Town Center |
| 17:20 | Crear | Villager (Male) |
| 17:20 | Crear | Villager (Male) |
| 17:32 | Construir | Farm |
| 17:33 | Construir | Farm |
| 17:38 | Construir | Farm |
| 17:42 | Construir | Farm |
| 17:52 | Construir | Farm |
| 18:04 | Crear | Villager (Male) |
| 18:04 | Crear | Villager (Male) |
| 18:05 | Crear | Villager (Male) |
| 18:18 | Construir | Mining Camp |
| 18:36 | Construir | Farm |
| 18:49 | Crear | Villager (Male) |
| 18:49 | Crear | Villager (Male) |
| 18:49 | Crear | Villager (Male) |
| 19:02 | Construir | Farm |
| 19:07 | Crear | Villager (Male) |
| 19:07 | Crear | Villager (Male) |
| 19:34 | Crear | Villager (Male) |
| 19:34 | Crear | Villager (Male) |
| 19:34 | Crear | Villager (Male) |
| 19:43 | Construir | Farm |
| 19:51 | Construir | Farm |
| 20:09 | Crear | Villager (Male) |
| 20:09 | Crear | Villager (Male) |
| 20:09 | Crear | Villager (Male) |
| 20:17 | Construir | House |
| 20:19 | Construir | House |
| 20:20 | Construir | House |
| 20:21 | Construir | House |
| 20:32 | Crear | Villager (Male) |
| 20:32 | Crear | Villager (Male) |
| 20:42 | Construir | Farm |
| 20:51 | Construir | Farm |
| 21:04 | Construir | Mining Camp |
| 21:23 | Construir | Town Center |
| 21:28 | Crear | Villager (Male) |
| 21:28 | Crear | Villager (Male) |
| 21:29 | Crear | Villager (Male) |
| 21:34 | Construir | Farm |
| 21:35 | Construir | Farm |
| 21:41 | Crear | Villager (Male) |
| 21:41 | Crear | Villager (Male) |
| 21:42 | Crear | Villager (Male) |
| 21:42 | Crear | Villager (Male) |
| 22:05 | Construir | Mill |
| 22:15 | Construir | House |
| 22:16 | Construir | House |
| 22:18 | Construir | House |
| 22:24 | Crear | Villager (Male) |
| 22:25 | Crear | Villager (Male) |
| 22:25 | Crear | Villager (Male) |
| 22:25 | Crear | Villager (Male) |
| 22:26 | Crear | Villager (Male) |
| 22:33 | Construir | Farm |
| 22:39 | Construir | Lumber Camp |
| 22:46 | Crear | Villager (Male) |
| 22:46 | Crear | Villager (Male) |
| 22:46 | Crear | Villager (Male) |
| 22:55 | Construir | Farm |
| 23:00 | Construir | Farm |
| 23:07 | Crear | Villager (Male) |
| 23:07 | Crear | Villager (Male) |
| 23:07 | Crear | Villager (Male) |
| 23:07 | Crear | Villager (Male) |
| 23:18 | Construir | Castle |
| 23:43 | Construir | Farm |
| 24:00 | Construir | University |
| 24:09 | Construir | Farm |
| 24:12 | Crear | Villager (Male) |
| 24:12 | Crear | Villager (Male) |
| 24:16 | Crear | Villager (Male) |
| 24:16 | Crear | Villager (Male) |
| 24:16 | Crear | Villager (Male) |
| 24:23 | Crear | Villager (Male) |
| 24:23 | Crear | Villager (Male) |
| 24:23 | Crear | Villager (Male) |
| 24:53 | Construir | Farm |
| 25:02 | Construir | Barracks |
| 25:28 | Construir | Farm |
| 25:43 | Construir | Farm |
| 25:44 | Construir | Farm |
| 25:46 | Construir | Farm |
| 25:58 | Crear | Villager (Male) |
| 25:58 | Crear | Villager (Male) |
| 25:58 | Crear | Villager (Male) |
| 26:06 | Construir | House |
| 26:12 | Construir | House |
| 26:13 | Construir | House |
| 26:16 | Construir | House |
| 26:22 | Crear | Villager (Male) |
| 26:22 | Crear | Villager (Male) |
| 26:22 | Crear | Villager (Male) |
Cronología de la partida
| 5:17 | 魏武王曹操 · wall_segment Palisade Wall x8 |
| 5:56 | 魏武王曹操 · wall_segment Palisade Wall x11 |
| 5:58 | 魏武王曹操 · wall_segment Palisade Wall x6 |
| 7:03 | gostying · wall_segment Palisade Wall x1 |
| 7:05 | Mozenrath · wall_segment Palisade Wall x16 |
| 7:09 | Mozenrath · wall_segment Palisade Wall x20 |
| 9:41 | Mozenrath · age_up feudal |
| 10:24 | gostying · age_up feudal |
| 10:43 | Naturespirit · age_up feudal |
| 10:56 | RazerBladeUser · age_up feudal |
| 11:09 | 魏武王曹操 · age_up feudal |
| 11:13 | 魏武王曹操 · wall_segment Stone Wall x6 |
| 11:27 | 魏武王曹操 · wall_segment Stone Wall x13 |
| 11:30 | 魏武王曹操 · wall_segment Stone Wall x4 |
| 11:45 | 123 · age_up feudal |
| 12:51 | ghoslty · age_up feudal |
| 13:24 | eFkooo · age_up feudal |
| 14:07 | Naturespirit · age_up castle |
| 14:31 | RazerBladeUser · age_up castle |
| 14:48 | gostying · age_up castle |
| 14:57 | RazerBladeUser · first_market_buy 100 food |
| 15:05 | gostying · first_building Monastery |
| 15:55 | 魏武王曹操 · age_up castle |
| 15:56 | 魏武王曹操 · first_building Monastery |
| 16:13 | 魏武王曹操 · wall_segment Stone Wall x9 |
| 16:33 | eFkooo · first_building Barracks |
| 16:39 | 123 · age_up castle |
| 17:11 | RazerBladeUser · first_market_sell 100 wood |
| 17:23 | Mozenrath · age_up castle |
| 17:25 | Mozenrath · first_building Monastery |
| 19:39 | eFkooo · age_up castle |
| 20:42 | 魏武王曹操 · first_building Castle |
| 22:28 | ghoslty · age_up castle |
| 23:18 | 123 · first_building Castle |
| 23:53 | ghoslty · first_building Monastery |
| 24:01 | eFkooo · first_market_buy 100 wood |
| 24:21 | RazerBladeUser · first_building Monastery |
| 25:02 | 123 · first_building Barracks |
| 25:28 | RazerBladeUser · first_building Barracks |
| 26:37 | RazerBladeUser · first_building Stable |
| 26:46 | ghoslty · first_building Castle |
| 26:58 | 123 · first_building Siege Workshop |
| 27:38 | Mozenrath · first_building Castle |
| 27:52 | RazerBladeUser · age_up imperial |
| 28:42 | Mozenrath · first_building Barracks |
| 28:46 | Mozenrath · age_up imperial |
| 28:50 | gostying · first_building Castle |
| 29:01 | Naturespirit · first_building Castle |
| 29:18 | eFkooo · first_building Castle |
| 29:41 | Mozenrath · first_building Stable |
| 30:19 | gostying · first_building Barracks |
| 31:06 | ghoslty · first_building Siege Workshop |
| 31:24 | Naturespirit · first_building Siege Workshop |
| 31:42 | 魏武王曹操 · first_building Barracks |
| 31:42 | Naturespirit · first_building Barracks |
| 32:03 | gostying · first_building Stable |
| 32:08 | gostying · first_building Siege Workshop |
| 32:10 | 魏武王曹操 · first_building Archery Range |
| 32:58 | 123 · age_up imperial |
| 33:20 | gostying · age_up imperial |
| 33:21 | ghoslty · first_building Barracks |
| 33:34 | Naturespirit · first_market_buy 100 wood |
| 34:14 | Naturespirit · age_up imperial |
| 34:14 | 魏武王曹操 · first_building Stable |
| 34:19 | 魏武王曹操 · age_up imperial |
| 34:19 | Naturespirit · first_building Archery Range |
| 34:49 | ghoslty · first_building Archery Range |
| 35:00 | RazerBladeUser · first_building Castle |
| 35:17 | RazerBladeUser · first_building Siege Workshop |
| 36:12 | eFkooo · age_up imperial |
| 36:22 | Mozenrath · first_market_sell 500 wood |
| 36:59 | ghoslty · first_market_buy 100 food |
| 38:09 | Mozenrath · first_market_buy 100 stone |
| 39:42 | 123 · first_building Donjon |
| 39:46 | eFkooo · wall_segment Stone Wall x32 |
| 43:59 | 魏武王曹操 · first_market_sell 100 wood |
| 49:48 | 魏武王曹操 · resign |
[ ANÁLISIS IA · 1 CRÉDITO ]
¿Qué pasó realmente en esta partida?
Wolo.gg analiza cada decisión: build order, eco, micro, errores típicos por bracket. Análisis personalizado por WhatsApp o Discord en 30 segundos.
Guía civ
Persas
Perfil
Jugador #9910024